Map: Automaton LE

Players

Trizztein

  • Race: Terran Terran
  • League: Master
  • Spawn Location: 3:00

A.I. 1 (Medium) - Winner!

  • Race: Protoss Protoss
  • Spawn Location: 9:00

VOD

Have the link to the VOD?

Description

Scouting/adaptin:

If SCV scouts cyber into nexus (no nexus by 1:30)
CC2 high ground
Make bunker low ground

To fix:

Double gas natural before 4:00
Factories 2-3 and armories 1-2 before second tank (first tank necessary vs blink stalkers)
3rd CC when? --> after double armory, ebay. As soon as 400 mins.
First move out with one ghost and +1 +1 about to finish (+1 mech timing).

Others:

Rax story: reaper marine reactor marinesx2 till we re rdy to build factories 2 and 3; gives reactor

Factory story: tech lab cyclone widow mine (pour le drop) then just tanks

Starport story: medivac tech lab raven ... then libs 1x1 for the push

HOW THE BUILD ACCOUNTS/ADAPTS TO VARIOUS PROTOSS BO

VS cannon rush:
VS DTs:
VS oracle opener:
VS proxy gate:
VS proxy robo:
VS proxy stargate tempest:
VS blink stalker heavy opener:

Time

  • Played on: Jan. 9, 2019, 7:15 a.m.
  • Length: 10:24
Show
View Real Time Build Order
Export as new Build Order

Trizztein Terran 

Build Orders: Reaper Expand, Mech 

Get SALT Encoding   

  12  0:01  SCV  
  13  0:13  SCV  
  14  0:18  Supply Depot  
  14  0:25  SCV  
  15  0:40  SCV  
  15  0:41  Barracks  
  16  0:47  Refinery  
  16  0:52  SCV  
  17  1:04  SCV  
  18  1:18  SCV  
  19  1:32  Orbital Command, Reaper  
  20  1:44  Command Center  
  20  1:56  Supply Depot  
  20  1:59  SCV  
  21  2:04  Marine  
  22  2:11  Factory  
  22  2:13  SCV  
  23  2:22  Refinery  
  23  2:25  SCV  
  23  2:26  Barracks Reactor  
  24  2:37  SCV  
  24  2:42  Bunker  
  25  2:50  SCV  
  26  2:54  Factory Tech Lab  
  26  2:59  Orbital Command  
  26  3:02  SCV  
  26  3:04  Marine, Starport  
  28  3:06  Marine  
  29  3:14  SCV  
  29  3:19  Cyclone  
  33  3:23  Marine  
  33  3:24  Marine  
  33  3:26  SCV  
  36  3:28  SCV  
  36  3:33  Supply Depot  
  37  3:38  SCV  
  37  3:40  Medivac  
  40  3:42  Marine  
  40  3:43  Marine  
  40  3:45  SCV  
  43  3:50  SCV  
  43  3:53  Widow Mine  
  46  3:56  Supply Depot  
  46  3:57  SCV  
  46  4:00  Marine  
  46  4:02  SCV  
  49  4:07  Marine  
  49  4:09  SCV  
  51  4:10  Starport Tech Lab  
  51  4:12  Refinery  
  51  4:14  Refinery  
  51  4:20  SCV  
  51  4:21  Marine  
  51  4:22  Siege Tank  
  51  4:23  SCV  
  57  4:25  Marine  
  57  4:30  Supply Depot  
  58  4:32  SCV  
  58  4:35  SCV  
  58  4:37  Bunker  
  60  4:44  SCV  
  61  4:48  SCV  
  61  4:54  Siege Tank  
  61  4:56  Raven, SCV  
  61  4:57  Supply Depot  
  67  5:00  SCV  
  68  5:08  SCV  
  68  5:12  SCV  
  65  5:22  SCV  
  65  5:23  Factory  
  65  5:24  SCV  
  65  5:26  Armory  
  65  5:27  Barracks Tech Lab, Factory  
  67  5:30  Supply Depot  
  67  5:31  Supply Depot  
  67  5:34  SCV  
  68  5:36  Armory  
  68  5:37  SCV, Liberator  
  69  5:46  SCV  
  69  5:49  SCV  
  71  5:54  Supply Depot x2  
  74  5:58  SCV  
  74  6:01  SCV  
  76  6:10  SCV  
  77  6:12  Ghost Academy  
  77  6:13  SCV  
  77  6:14  Barracks Tech Lab  
  77  6:16  Supply Depot  
  77  6:18  Siege Tank, Supply Depot  
  81  6:19  Hellion x2  
  81  6:22  SCV  
  86  6:25  SCV  
  86  6:28  Siege Tank  
  86  6:29  Terran Vehicle Weapons Level 1  
  90  6:33  Liberator  
  90  6:36  Terran Vehicle And Ship Armor Level 1  
  90  6:41  Supply Depot  
  90  6:42  Supply Depot  
  90  6:44  Hellion x2  
  94  6:51  Engineering Bay  
  94  6:52  Hellion  
  99  6:56  SCV x2  
  99  7:00  Hellion  
  103  7:03  Supply Depot  
  103  7:05  Supply Depot  
  103  7:07  Hellion x2  
  103  7:08  SCV  
  108  7:17  Hellion  
  108  7:18  Ghost, Liberator  
  108  7:21  Hellion  
  114  7:28  Command Center  
  113  7:32  Supply Depot  
  116  7:48  SCV  
  117  7:51  SCV  
  118  8:01  Hellion x2, Siege Tank, Infernal Pre-Igniter  
  118  8:04  Hellion  
  127  8:09  Personal Cloaking, Supply Depot  
  127  8:17  Command Center  
  125  8:56  SCV  
  125  8:58  Hellion x2, Siege Tank x2  
  136  9:17  Factory  
  136  9:18  Factory, SCV  
  136  9:20  Hellion  
  139  9:24  Hellion  
  139  9:28  Refinery  
  139  9:29  Refinery  
  139  9:30  Hellion x2  
  143  9:31  Refinery  
  143  9:32  Refinery  
  143  9:41  Hellion  
  145  9:54  Hellion  
  145  9:55  Hellion x2  
  145  9:58  SCV  
  152  10:20  Factory Tech Lab, Factory Reactor  
Show
View Real Time Build Order
Export as new Build Order

A.I. 1 (Medium) Protoss - Winner!

Build Orders:  

Get SALT Encoding   

  12  0:00  Probe  
  13  0:13  Probe  
  14  0:21  Pylon  
  14  0:25  Probe  
  15  0:35  Probe  
  16  0:43  Probe  
  16  0:49  Assimilator  
  17  0:51  Probe  
  17  0:52  Gateway  
  18  1:02  Pylon  
  18  1:30  Gateway  
  18  1:35  Assimilator  
  18  1:45  Zealot, Cybernetics Core  
  20  2:07  Pylon  
  20  2:11  Warp Gate  
  20  2:24  Adept  
  22  2:41  Zealot  
  24  2:55  Pylon  
  24  2:59  Adept  
  26  3:15  Probe  
  26  3:16  Adept  
  29  3:27  Probe  
  29  3:33  Stalker  
  32  3:36  Pylon  
  32  3:39  Probe  
  33  3:50  Adept  
  33  3:51  Probe  
  33  3:52  Forge  
  36  4:01  Probe  
  36  4:09  Probe  
  37  4:13  Adept  
  40  4:30  Adept  
  42  4:47  Adept  
  44  5:03  Probe  
  44  5:11  Probe  
  40  5:19  Probe  
  41  5:31  Probe  
  42  5:43  Probe  
  43  5:55  Probe  
  44  6:25  Probe  
  44  6:29  Stalker  
  44  6:32  Pylon  
  47  6:34  Photon Cannon  
  47  6:35  Photon Cannon  
  47  6:37  Robotics Facility  
  47  6:38  Nexus  
  47  6:42  Sentry, Stargate  
  47  6:44  Twilight Council  
  49  6:47  Gateway  
  49  6:52  Probe  
  50  6:56  Stalker  
  52  7:06  Pylon  
  52  7:10  Stalker  
  48  7:16  Forge  
  34  7:23  Sentry  
  34  7:24  Observer  
  37  7:37  Sentry  
  37  7:40  Observer  
  39  7:50  Zealot, Probe  
  43  7:53  Probe  
  44  8:02  Probe  
  44  8:04  Adept  
  44  8:05  Probe  
  48  8:10  Pylon  
  48  8:13  Probe  
  48  8:14  Probe  
  48  8:17  Pylon  
  48  8:18  Zealot  
  52  8:21  Probe  
  52  8:26  Probe  
  53  8:31  Stalker, Probe  
  48  8:38  Stalker  
  38  8:46  Stalker  
  39  8:54  Stalker  
  28  9:08  Adept  
  19  9:21  Adept  
  21  9:27  Probe  
  21  9:28  Stalker  
  20  9:40  Probe  
  20  9:42  Sentry  
  8  10:10  Probe  
  9  10:14  Pylon  
Tags
 
Composition
Mech
League
Master
Matchup
PvT
Spawn Locations
Cross Positions
Add a new tag
Caveats
  • Supply blocks, unpowered buildings, or Contaminate may cause inaccurate times.
  • Supply counts are checked every 10 seconds.